 Dungeon Crawl Stone Soup version 0.30-a0-335-ge5acde7520 (webtiles) character file.

Game seed: 6225005017039055427

130 hikkokomori the Digger (level 4, -3/33 HPs)
             Began as a Demigod Earth Elementalist on Oct 31, 2022.
             Constricted to death by Robin (4 damage)
             ... on level 4 of the Dungeon.
             The game lasted 00:04:12 (3343 turns).

hikkokomori the Digger (Demigod Earth Elementalist) Turns: 3343, Time: 00:04:13

Health: -3/33      AC:  7    Str:  7 (9)  XL:     4   Next: 60%
Magic:  11/11      EV:  8    Int: 18 (21) God:
Gold:   200        SH:  5    Dex: 11 (14) Spells: 6/9 levels left

rFire   . . .      SeeInvis .    i - +5 dagger (distort)
rCold   + . .      Faith    .    (no shield)
rNeg    . . .      Spirit   .    u - +0 leather armour {rC+}
rPois   .          Reflect  +    w - +2 hat
rElec   .          Harm     .    j - +0 cloak
rCorr   .          Rampage  .    (no gloves)
Will    .....                    s - +0 pair of boots
Stlth   +.........               c - amulet of reflection
HPRegen 0.25/turn                p - +4 ring of slaying
MPRegen 0.12/turn                (no ring)

@: about to teleport, grasped by roots, constricted
A: high MP 1, forlorn, divine attributes
a: no special abilities


You were on level 4 of the Dungeon.
You visited 1 branch of the dungeon, and saw 4 of its levels.

You collected 200 gold pieces.

Inventory:

Hand Weapons
 g - a +0 club
 i - a +5 dagger of distortion (weapon)
Armour
 a - a +0 robe
 j - a +0 cloak (worn)
 s - a +0 pair of boots (worn)
 u - a +0 leather armour of cold resistance (worn)
 w - a +2 hat (worn)
 y - a scarf of shadows
Jewellery
 c - an amulet of reflection (around neck)
 l - a ring of fire
 p - a +4 ring of slaying (left hand)
Wands
 x - a wand of quicksilver (3)
Scrolls
 d - a scroll of vulnerability {unknown}
 e - a scroll of amnesia {unknown}
 f - a scroll of teleportation
 m - a scroll of brand weapon {unknown}
 n - a scroll of magic mapping {unknown}
 q - a scroll of silence {unknown}
 r - a scroll of noise {unknown}
 v - 3 scrolls of identify {unknown}
Potions
 b - a potion of magic
 h - a potion of haste {unknown}
 k - a potion of mutation {unknown}
 o - a potion of curing {unknown}
 t - a potion of degeneration


   Skills:
 + Level 1.0 Short Blades
 - Level 1.7 Dodging
 + Level 1.8 Stealth
 + Level 3.1 Spellcasting
 - Level 0.8 Transmutations
 + Level 3.9 Earth Magic


You had 6 spell levels left.
You knew the following spells:

 Your Spells              Type           Power      Damage    Failure   Level
a - Sandblast             Erth           34%        2d9       4%          1
b - Passwall              Tmut/Erth      9%         N/A       14%         2

Your spell library contained the following spells:

 Spells                   Type           Power      Damage    Failure   Level
 Stone Arrow              Conj/Erth      20%        3d8       32%         3
 Call Canine Familiar     Summ           2%         N/A       58%         3
 Portal Projectile        Hex/Tloc       4%         N/A       58%         3
 Petrify                  Tmut/Erth      11%        N/A       65%         4
 Leda's Liquefaction      Hex/Erth       5%         N/A       71%         4


Dungeon Overview and Level Annotations

Branches:
Dungeon (4/15)
 Temple: D:4-7

Annotations:
D:3 3 runed translucent doors, kairosrom117's ghost, amateur DrFE
D:4 Robin


Innate Abilities, Weirdness & Mutations

You have an increased reservoir of magic. (+10% MP)
You shall have no god before yourself.
Your divine heritage dramatically boosts your attributes as you level up.


Message History

The goblin hits you but does no damage. x2; The goblin hits you with a +0 club.
Something barely misses you.
You puncture the goblin!
You kill the goblin!
The goblin completely misses you.
The goblin hits you but does no damage. x2
The goblin hits you with a +0 club. x2; Something hits you but does no damage.
You hit the hobgoblin.
Space warps horribly around the hobgoblin!
You kill the hobgoblin!
The goblin closely misses you. You block the goblin's attack.
The goblin closely misses you.
You hear a zap.
The roots erupt in riotous growth!
The grasping roots grab you!
The goblin is unaffected. x5; You are constricted.
The goblin hits you but does no damage. x2
Unknown command.
Unknown command.
The roots grasp on you weakens, but your attempt to escape fails.
You block the goblin's attack. The goblin hits you with a +0 club.
You block the goblin's attack. The goblin hits you but does no damage.
Something throws the goblin at you!
You are constricted.
* * * LOW HITPOINT WARNING * * *
The goblin hits you but does no damage.
Unknown command.
As you read the scroll labelled LOERCH KIOCIRRIWNOXT, it crumbles to dust.
You feel strangely unstable.
It was a scroll of teleportation.
The goblin hits you but does no damage. The goblin hits you with a +0 club.
* * * LOW HITPOINT WARNING * * *
You block the goblin's attack. The goblin closely misses you.
The goblin barely misses you. Something throws the goblin at you!
You are constricted.
* * * LOW HITPOINT WARNING * * *
It was a potion of degeneration.
There was something very wrong with that liquid.
You feel weakened.
You feel dopey.
You feel clumsy.
The goblin hits you but does no damage. x3; The goblin hits you with a +0 club.
* * * LOW HITPOINT WARNING * * *
The goblin hits you but does no damage.
You are constricted.
You die...

##.#########.##
..............#
.............#
............#
#..........#
#..........# #
#..g.g.....# .
####..g@.J....# .#####
#.....g.g.....# .....#
##.............#
#.##.####.........$....#
#<##.##...#............#
####.##.###............#
#...........##########
#...##...#....# ##.>
+...#....#


You could see an endoplasm and 5 goblins.

Vanquished Creatures
  5 adders
  An adder zombie (D:2)
  An adder skeleton (D:2)
  A worm (D:2)
  A dart slug (D:2)
  2 orcs (D:3)
  A bat skeleton (D:2)
  3 endoplasms (D:3)
  4 giant cockroaches
  10 goblins
  2 hobgoblins
  3 kobolds
  3 quokkas
  3 ball pythons
  7 bats
  5 frilled lizards
  2 giant cockroach zombies (D:2)
  A quokka skeleton (D:2)
  A quokka zombie (D:2)
  9 rats
65 creatures vanquished.

Notes
Turn   | Place    | Note
-------+----------+-------------------------------------------
     0 | D:1      | hikkokomori the Demigod Earth Elementalist began the quest
                  | for the Orb.
     0 | D:1      | Reached XP level 1. HP: 14/14 MP: 5/5
   433 | D:1      | Reached XP level 2. HP: 18/20 MP: 4/7
   799 | D:1      | Learned a level 2 spell: Passwall
  1614 | D:2      | Reached XP level 3. HP: 26/26 MP: 7/9
  2695 | D:3      | Reached XP level 4. HP: 33/33 MP: 11/11
  3069 | D:3      | Found a runed translucent gate.
  3069 | D:3      | Found a runed translucent gate.
  3071 | D:3      | Found a runed translucent gate.
  3072 | D:3      | Noticed kairosrom117's ghost (amateur DrFE)
  3314 | D:4      | Reached skill level 1 in Short Blades
  3329 | D:4      | Noticed Robin
  3343 | D:4      | HP: 1/33 [goblin/+0 club[Robin] (1)]
  3343 | D:4      | Constricted to death by Robin

Illustrated notes

Levels and vault maps discovered:
D:1:      dpeg_arrival_rooms_b, layout_basic, st_stairs_1,
          minmay_rat_gold_closets
D:2:      layout_loops_corners, serial_undead, serial_undead_d, serial_undead_a,
          serial_undead_c, serial_undead_a, minmay_hedge_maze, minmay_between
D:3:      layout_loops_cross, ebering_ghost_rock_garden, minmay_box_of_dots
D:4:      layout_basic, fedhas_ov_isle_minmay, mainiacjoe_overflow_alcove_2,
          temple_statues, nicolae_shop_i_like_big_books, uniq_robin

Skill      XL: |  1  2  3  4 |
---------------+-------------+-----
Spellcasting   | 2 3 |  3.1
Earth Magic    | 3 |  3.9
Short Blades   | 1 |  1.0
Dodging        | |  1.7
Stealth        | |  1.8
Transmutations | |  0.8

Action                   |  1- 3 |  4- 6 || total
-------------------------+-------+-------++-------
Melee: Unarmed           |    66 |       ||    66
       Dagger            |    58 |    25 ||    83
       Punch             |     3 |       ||     3
 Cast: Sandblast         |    39 |       ||    39
  Use: Scroll            |       |     1 ||     1
       Potion            |       |     1 ||     1
 Stab: Sleeping          |     2 |     2 ||     4
Armor: Robe              |    33 |       ||    33
       Leather armour    |     1 |    27 ||    28
Dodge: Dodged            |   103 |    20 ||   123
Block: Other             |    11 |    10 ||    21

Table legend: (Time is in decaauts)
 A = Elapsed time spent in this place.
 B = Non-inter-level travel time spent in this place.
 C = Inter-level travel time spent in this place.
 D = Time resting spent in this place.
 E = Time spent auto-exploring this place.
 F = Levels seen in this place.
 G = Mean time per level.
                   A        B        C        D        E       F      G
               +--------+--------+--------+--------+--------+-----+--------+
         Total |   3359 |   3068 |    291 |      0 |   2516 |   4 |  839.8 |
       Dungeon |   3359 |   3068 |    291 |      0 |   2516 |   4 |  839.8 |
               +--------+--------+--------+--------+--------+-----+--------+

Top non-repeatable levels by time:
     D:1: 1379 daAuts
     D:2: 1182 daAuts
     D:3: 758 daAuts
     D:4: 39 daAuts
